 Dungeon Crawl Stone Soup version 0.17.1-2-g5865329 (webtiles) character file.

96 flautines the Skirmisher (level 4, 0/36 HPs)
             Began as a Human Fighter on Jan 20, 2016.
             Was an Initiate of Trog.
             Killed from afar by Sigmund (5 damage)
             ... with a magic dart
             ... on level 3 of the Dungeon.
             The game lasted 00:17:15 (1958 turns).

flautines the Skirmisher (Human Fighter)            Turns: 1958, Time: 00:17:15

Health: 0/36       AC:  9    Str: 17    XL:     4   Next: 98%
Magic:  4/4        EV:  5    Int:  8    God:    Trog [......]
Gold:   73         SH:  9    Dex: 13    Spells: 0 memorised, 3 levels left

rFire  . . .     SeeInvis +     a - +1 long sword
rCold  . . .     Clarity  .     r - +0 chain mail
rNeg   . . .     SustAt   .     m - +0 shield
rPois  .         Gourm    .     (no helmet)
rElec  .         Spirit   .     (no cloak)
rCorr  .         Warding  .     (no gloves)
rMut   .         Stasis   .     (no boots)
MR     .....                    (no amulet)
Stlth  ..........               (no ring)
                                e - ring of see invisible

@: not resistant to hostile enchantments, extremely unstealthy
A: no striking features
a: Burn Spellbooks, Renounce Religion


You were on level 3 of the Dungeon.
You worshipped Trog.
Trog was noncommittal.
You were not hungry.

You visited 1 branch of the dungeon, and saw 4 of its levels.

You collected 73 gold pieces.

Inventory:

Hand Weapons
 a - a +1 long sword (weapon)
 f - a +0 hunting sling
Missiles
 j - 2 curare-tipped needles (quivered)
 l - 2 throwing nets
 p - 20 bolts of penetration
Armour
 b - a +0 scale mail
 c - a +0 shield
 m - a +0 shield (worn)
 r - a +0 chain mail (worn)
Jewellery
 e - a ring of see invisible (left hand)
Scrolls
 i - 3 scrolls of remove curse
 k - a scroll of identify {unknown}
 n - a scroll of recharging {unknown}
 q - a scroll of blinking {unknown}
 t - a scroll of magic mapping {unknown}
Potions
 d - 2 potions of might
 g - 2 potions of cure mutation {unknown}
 h - a potion of mutation {unknown}
 s - a potion of degeneration {unknown}
Comestibles
 o - 4 fruits


   Skills:
 + Level 3.6 Fighting
 + Level 2.8 Long Blades
 + Level 3.6 Armour
 + Level 1.2 Dodging
 + Level 3.4 Shields


You had 3 spell levels left.
You didn't know any spells.

Dungeon Overview and Level Annotations

Branches:
Dungeon (4/15)
 Temple: D:4-7

Altars:
Dithmenos
Trog

Annotations:
D:3 Sigmund


Message History

Your chain mail prevents you from hitting Sigmund.
You block the gnoll's attack. You block Sigmund's attack.
The gnoll hits you but does no damage.
Your shield and chain mail prevent you from hitting Sigmund.
The gnoll completely misses you. You block Sigmund's attack.
You slash Sigmund!
Sigmund is heavily wounded.
You block the gnoll's attack. Sigmund barely misses you.
Your shield and chain mail prevent you from hitting Sigmund.
Sigmund is heavily wounded.
The gnoll closely misses you.
Sigmund hits you with a scythe of freezing!
* * * LOW HITPOINT WARNING * * *
Sigmund freezes you.
* * * LOW HITPOINT WARNING * * *
The gnoll hits you but does no damage. You block Sigmund's attack.
Sigmund gestures at you while chanting. The magic dart hits you!
You die...

# #.#####..## #
#.........# #
#§#####...# ###§##
#...# ##§§§# #...#
#.#.#§###...######
§§._§§§..........#
#{#.#§#..#######.#
##.§§###.# #@#
#.#g#....# #.#
#...####.# #.#
...@.# #.# #)#
####.# #.# #@#
###>###>#######g#
##...........@...#
#....####.>#..####
.....# ##.#..#


You could see Sigmund (invisible) and a gnoll.

Vanquished Creatures
  2 gnolls (D:3)
  2 adders
  2 oozes (D:1)
  A worm (D:1)
  A giant gecko (D:2)
  A ball python (D:1)
  6 bats
  2 giant cockroaches (D:1)
  3 goblins
  8 hobgoblins
  8 jackals
  7 kobolds
  3 giant newts (D:1)
  4 rats
50 creatures vanquished.

Notes
Turn   | Place    | Note
--------------------------------------------------------------
     0 | D:1      | flautines the Human Fighter began the quest for the Orb.
     0 | D:1      | Reached XP level 1. HP: 18/18 MP: 1/1
    76 | D:1      | Reached XP level 2. HP: 21/24 MP: 2/2
   407 | D:1      | Reached XP level 3. HP: 25/29 MP: 3/3
   953 | D:2      | Reached skill level 1 in Dodging
   969 | D:2      | Reached XP level 4. HP: 31/35 MP: 4/4
  1223 | D:2      | Found a bloodstained altar of Trog.
  1250 | D:2      | Became a worshipper of Trog the Wrathful
  1518 | D:3      | Found a shadowy altar of Dithmenos.
  1633 | D:3      | Noticed Sigmund
  1958 | D:3      | Killed from afar by Sigmund

Action                   |  1- 3 |  4- 6 || total
-------------------------+-------+-------++-------
Melee: Long sword        |   104 |    76 ||   180
  Use: Scroll            |     2 |     2 ||     4
  Eat: Chunk             |       |     2 ||     2
       Bread ration      |       |     1 ||     1
